Map: Jagannatha LE

Players

ViBE - Winner!

  • Race: Zerg Zerg
  • League: Diamond

JSJD

  • Race: Terran Terran
  • League: Diamond

VOD

Have the link to the VOD?

Description

Time

  • Played on: April 18, 2021, 7:37 p.m.
  • Length: 13:40
Show
View Real Time Build Order
Export as new Build Order

ViBE Zerg - Winner!

Build Orders: Hatch First 

Get SALT Encoding   

  12  0:00  Drone  
  13  0:13  Overlord  
  13  0:19  Drone  
  14  0:31  Drone  
  14  0:32  Drone  
  16  0:38  Drone  
  17  0:52  Hatchery  
  17  0:56  Drone  
  17  1:03  Drone  
  18  1:10  Extractor  
  17  1:17  Spawning Pool  
  17  1:18  Drone  
  17  1:20  Drone  
  18  1:29  Drone  
  19  1:42  Drone  
  20  2:07  Queen x2  
  24  2:12  Drone  
  24  2:13  Zergling x4  
  24  2:14  Metabolic Boost  
  27  2:27  Extractor, Drone  
  27  2:29  Drone  
  28  2:31  Overlord  
  28  2:34  Spore Crawler  
  26  2:42  Hatchery  
  27  2:49  Drone x4  
  31  2:56  Queen  
  33  2:59  Drone  
  34  3:06  Overlord  
  34  3:09  Drone x2  
  36  3:22  Overlord  
  36  3:24  Drone x3  
  36  3:25  Drone  
  40  3:30  Drone  
  41  3:34  Drone  
  41  3:39  Queen  
  44  3:44  Drone x2  
  44  3:46  Drone  
  44  3:47  Drone x4  
  51  3:48  Drone  
  52  3:57  Zergling x6  
  55  4:05  Zergling x2  
  55  4:06  Zergling x2  
  55  4:07  Zergling x2  
  58  4:12  Lair  
  58  4:17  Baneling Nest  
  58  4:19  Drone  
  58  4:21  Overlord  
  58  4:22  Overlord  
  58  4:35  Overlord  
  58  4:40  Queen  
  58  4:42  Drone x6  
  58  4:44  Overlord  
  66  4:45  Overlord  
  66  4:57  Drone x6  
  72  5:07  Zergling x10  
  73  5:08  Zergling x2  
  73  5:09  Zergling x6  
  73  5:10  Hatchery  
  76  5:20  Drone x3  
  76  5:35  Queen x2  
  76  5:38  Extractor  
  76  5:39  Extractor  
  76  5:40  Drone x5  
  76  5:41  Drone x6, Extractor x2  
  76  5:42  Extractor, Centrifical Hooks  
  86  5:45  Baneling x4  
  86  5:51  Baneling  
  86  5:53  Drone  
  86  5:54  Drone x2  
  89  6:04  Overlord  
  89  6:05  Overlord x2  
  89  6:17  Overlord  
  89  6:24  Drone x8  
  89  6:25  Drone x3  
  100  6:38  Hatchery, Drone  
  100  6:39  Drone x4, Evolution Chamber x2  
  102  6:41  Hydralisk Den  
  102  6:45  Zergling x2  
  102  6:46  Zergling x18  
  111  6:50  Baneling x9  
  111  6:57  Baneling  
  111  6:58  Baneling x5  
  111  7:01  Overseer x2  
  111  7:03  Zergling x8  
  111  7:04  Zergling x6  
  118  7:10  Baneling  
  118  7:11  Baneling x5  
  108  7:28  Drone x11  
  117  7:38  Zerg Ground Armor Level 1, Zerg Melee Weapons Level 1  
  117  7:39  Hatchery, Grooved Spines  
  116  8:01  Drone  
  116  8:02  Hatchery  
  116  8:03  Drone  
  116  8:04  Drone x6  
  123  8:08  Extractor x2  
  121  8:16  Overlord x8  
  121  8:17  Overlord x2  
  121  8:50  Muscular Augments  
  121  8:51  Hydralisk x10  
  121  8:52  Hydralisk x11  
  121  8:54  Zergling x6  
  121  8:55  Zergling x6  
  168  9:10  Infestation Pit  
  168  9:11  Zergling x40  
  187  9:22  Zergling x14  
  194  9:30  Baneling  
  194  9:31  Baneling x20  
  192  9:45  Zergling x22  
  194  9:46  Zergling x10  
  190  9:59  Pneumatized Carapace, Overseer  
  181  10:06  Zergling x8  
  181  10:07  Zergling x34  
  194  10:30  Zerg Ground Armor Level 2, Overseer x2  
  194  10:31  Zerg Melee Weapons Level 2  
  194  10:37  Zergling x8  
  194  10:38  Zergling x2  
  194  10:41  Baneling x2  
  194  10:42  Baneling x13  
  199  10:44  Baneling x7  
  199  10:51  Baneling  
  199  10:52  Baneling x14  
  199  10:53  Baneling x3  
  159  11:22  Hydralisk x7  
  159  11:23  Zergling x36  
  159  11:24  Zergling x26  
  159  11:25  Overlord x4  
  177  11:56  Hatchery  
  177  12:00  Zergling x4  
  177  12:01  Zergling x20  
  179  12:13  Zergling x40  
  179  12:14  Zergling x2  
  198  12:29  Zergling x20  
  200  12:33  Baneling x4  
  200  12:34  Baneling x29  
  200  12:35  Baneling x7  
  200  12:41  Baneling  
  200  12:42  Baneling x2  
  200  13:03  Baneling  
  200  13:04  Baneling x24  
  179  13:21  Zergling x22  
  179  13:22  Zergling x28  
Show
View Real Time Build Order
Export as new Build Order

JSJD Terran 

Build Orders: Reaper Expand 

Get SALT Encoding   

  12  0:00  SCV  
  13  0:12  SCV  
  14  0:17  Supply Depot  
  14  0:24  SCV  
  15  0:38  SCV  
  15  0:39  Barracks  
  16  0:45  Refinery  
  16  0:50  SCV  
  17  1:03  SCV  
  18  1:15  SCV  
  19  1:27  Reaper, Orbital Command  
  20  1:43  Command Center  
  20  1:53  SCV  
  21  1:57  Supply Depot  
  21  1:59  Marine  
  22  2:05  SCV  
  23  2:11  Factory  
  23  2:17  Refinery  
  23  2:19  SCV  
  23  2:22  Barracks Reactor  
  24  2:31  SCV  
  25  2:44  SCV  
  26  2:55  Orbital Command  
  26  2:56  Starport, SCV  
  27  3:08  SCV, Hellion x2, Marine  
  33  3:16  Supply Depot  
  33  3:20  SCV x2  
  35  3:28  Marine  
  35  3:29  Hellion  
  35  3:31  Hellion  
  35  3:32  SCV  
  41  3:35  Medivac  
  41  3:37  SCV  
  41  3:41  Supply Depot  
  44  3:44  SCV  
  44  3:48  Barracks Tech Lab  
  45  3:49  SCV  
  45  3:50  Widow Mine  
  48  3:56  Widow Mine, SCV  
  48  4:01  SCV  
  52  4:03  Supply Depot  
  52  4:09  SCV  
  53  4:10  Starport Reactor, Stimpack  
  53  4:13  SCV  
  54  4:21  SCV, Marine  
  56  4:25  SCV  
  56  4:26  Barracks  
  56  4:30  Command Center  
  57  4:33  SCV  
  57  4:38  SCV, Hellion  
  61  4:39  Marine  
  61  4:40  Supply Depot  
  61  4:45  SCV  
  63  4:49  Engineering Bay  
  63  4:50  SCV  
  64  4:57  SCV  
  64  4:58  Starport Reactor  
  65  5:02  Widow Mine x2, SCV  
  65  5:03  Supply Depot  
  65  5:04  Marauder  
  72  5:09  SCV  
  73  5:14  SCV  
  68  5:21  SCV  
  68  5:24  Terran Infantry Weapons Level 1  
  68  5:25  Refinery  
  68  5:26  Refinery, SCV, Supply Depot  
  72  5:28  Hellion, Marine  
  72  5:29  Hellion  
  72  5:33  SCV, Engineering Bay  
  76  5:36  Medivac  
  76  5:38  SCV  
  76  5:42  Orbital Command  
  79  5:47  SCV  
  80  5:50  SCV  
  80  5:54  Combat Shield, Marine x2, Supply Depot  
  80  5:56  Widow Mine  
  85  5:59  Widow Mine, Marine  
  85  6:01  SCV  
  89  6:05  Terran Infantry Armor Level 1  
  89  6:06  SCV  
  89  6:09  Medivac  
  89  6:10  Orbital Command  
  92  6:12  Marine x2  
  92  6:14  Medivac  
  96  6:19  Marine  
  96  6:21  SCV x2  
  101  6:25  Widow Mine  
  101  6:30  Marine x2  
  103  6:33  SCV  
  103  6:34  SCV  
  103  6:35  SCV  
  103  6:37  Marine  
  107  6:43  Armory  
  107  6:45  SCV  
  107  6:46  SCV  
  109  6:47  SCV  
  109  6:48  Marine x2  
  109  6:51  Barracks  
  109  6:52  Supply Depot  
  109  6:53  Barracks  
  112  6:55  Barracks  
  112  6:58  SCV  
  112  7:01  Marine  
  114  7:02  Widow Mine  
  114  7:05  Marine  
  114  7:07  Supply Depot  
  114  7:08  Supply Depot  
  117  7:14  Widow Mine  
  119  7:19  Marine  
  119  7:20  Marine  
  119  7:21  Medivac x2  
  109  7:23  Marine  
  109  7:28  Widow Mine  
  102  7:31  SCV x2, Supply Depot  
  102  7:34  Refinery x2  
  102  7:36  Terran Infantry Weapons Level 2  
  104  7:37  Marine x2, Command Center  
  104  7:39  SCV  
  104  7:42  Barracks Reactor x3  
  107  7:45  Concussive Shells  
  107  7:46  SCV x2  
  107  7:48  Widow Mine  
  107  7:51  SCV  
  112  7:58  SCV  
  113  8:01  Supply Depot  
  113  8:04  Terran Infantry Armor Level 2  
  113  8:05  Marine x3  
  116  8:07  Medivac x2  
  116  8:08  SCV x2  
  116  8:10  SCV  
  116  8:12  Widow Mine x2  
  127  8:19  Supply Depot  
  127  8:20  SCV  
  127  8:21  SCV, Supply Depot  
  127  8:22  Marine  
  127  8:23  Marine x8  
  127  8:26  SCV  
  139  8:33  SCV  
  140  8:35  Barracks  
  140  8:39  Barracks  
  140  8:40  Marine x4  
  140  8:41  Marine  
  145  8:42  Medivac x2  
  145  8:43  Factory, Marine x2  
  145  8:44  Marine x2  
  145  8:46  Widow Mine x2  
  157  8:49  SCV x3  
  160  8:58  Marine x2  
  160  9:00  Marine  
  160  9:01  Marine x5  
  160  9:02  Marine  
  169  9:13  Widow Mine x2, Supply Depot  
  169  9:14  Supply Depot  
  169  9:16  Marine x2, Supply Depot  
  175  9:17  Sensor Tower  
  175  9:18  Marine, Supply Depot  
  175  9:19  Marine x2, Planetary Fortress  
  178  9:37  Marine  
  178  9:38  Marine  
  160  9:49  Marine  
  160  9:50  Marine x3  
  160  9:52  Barracks Tech Lab x2, Marine  
  153  9:59  Marine x4  
  120  10:01  Factory Tech Lab  
  120  10:07  Marine  
  120  10:10  Factory Tech Lab  
  120  10:13  Barracks  
  121  10:18  Refinery x2, Marauder  
  121  10:21  Marine x9  
  122  10:24  Siege Tank  
  122  10:25  Marine  
  134  10:29  Liberator x2  
  134  10:31  Siege Tank  
  134  10:35  Command Center  
  143  10:38  Marine  
  143  10:39  Marauder, Marine x2  
  143  10:40  Marauder x2  
  143  10:42  Sensor Tower, Marine x4  
  151  10:43  Marine  
  151  10:44  Supply Depot  
  155  10:56  Marine, Siege Tank  
  155  10:57  Marine x2  
  159  11:00  Marauder, Marine x5  
  159  11:01  Marauder x2  
  159  11:03  Siege Tank  
  132  11:14  Marine  
  132  11:15  Marine x4  
  100  11:23  Marine x8  
  92  11:28  Siege Tank  
  92  11:32  Marine x2  
  89  11:33  Marine x3  
  76  11:40  Marine  
  76  11:41  Marine x7  
  80  11:50  Marine x2  
  80  11:51  Marine x2, Planetary Fortress  
  79  11:56  Marine  
  79  11:58  Marine  
  79  11:59  Marine  
  71  12:19  Marine  
  71  12:20  Marine x12  
  81  12:34  SCV x2  
  83  12:37  Marine  
  83  12:38  Marauder x2, Marine x4  
  83  12:39  Marauder  
  83  12:40  SCV  
  83  12:43  Marine  
  83  12:44  Marine  
  97  12:45  Medivac  
  97  12:46  SCV x2  
  101  13:04  Supply Depot  
  101  13:05  Command Center, Supply Depot  
  101  13:10  Supply Depot  
  101  13:14  Marine  
  101  13:16  SCV, Marine  
  89  13:20  SCV, Marine  
Tags
 
Add a new tag
Caveats
  • Supply blocks, unpowered buildings, or Contaminate may cause inaccurate times.
  • Supply counts are checked every 10 seconds.